 Dungeon Crawl Stone Soup version 0.27-a0-346-ga689d4a613 (webtiles) character file.

Game seed: 15490937071921371087

155107 jasper the Earth Mage (level 18, 0/161 HPs)
             Began as a Formicid Earth Elementalist on Feb 15, 2021.
             Was the Champion of Ashenzari.
             Killed from afar by a starcursed mass (10 damage)
             ... with an accursed screaming
             ... on level 4 of the Abyss.
             The game lasted 01:20:27 (36219 turns).

jasper the Earth Mage (FoEE)                       Turns: 36219, Time: 01:20:28

Health: 0/161      AC: 28    Str: 12    XL:     18   Next: 27%
Magic:  28/34      EV: 18    Int: 22    God:    Ashenzari [******]
Gold:   1811       SH: 23    Dex: 11    Spells: 11/42 levels left

rFire    + . .     SeeInvis +   h - +9 dagger (elec)
rCold    + + .     Faith    .   w - +0 tower shield (curse)
rNeg     + . .     Spirit   .   (armour currently unavailable)
rPois    ∞         Reflect  +   (helmet unavailable)
rElec    +         Harm     .   n - scarf {rC+ rF+} (curse)
rCorr    .         Rampage  .   (gloves currently unavailable)
Will     ++...     Clarity  +   (boots currently unavailable)
Stlth    +++.......             y - amulet of reflection (curse)
HPRegen  0.36/turn              A - ring of willpower (curse)
MPRegen  0.24/turn              I - ring of protection from cold (curse)

@: statue-form, very slow
A: permanent stasis, dig shafts and tunnels, four strong arms, antennae 3, frail
1, weak 1
a: Dig, Shaft Self, End Transformation, Renounce Religion, Curse Item, Scrying,
Transfer Knowledge


You were on level 4 of the Abyss.
You worshipped Ashenzari.
Ashenzari was exalted by your worship.
You were a stone statue.
You visited 5 branches of the dungeon, and saw 27 of its levels.
You visited the Abyss 1 time.
You visited 1 bazaar.
You also visited: Bailey and Volcano.

You collected 4136 gold pieces.
You spent 2325 gold pieces at shops.

Inventory:

Hand Weapons
 h - a +9 dagger of electrocution (weapon)
Missiles
 a - 146 poisoned darts
 g - 169 boomerangs
 o - 262 stones
 H - a throwing net
Armour
 n - a cursed scarf of resistance (worn)
 v - a scarf of repulsion
 w - a cursed +0 tower shield (worn)
 G - a cursed +0 troll leather armour (melded)
 P - the cursed +2 pair of gloves of the Secret Artists (melded) {Str+3}
   (You acquired it on level 1 of the Lair of Beasts)

   It affects your strength (+3).
   It has a curse placed upon it.
Magical Staves
 i - a staff of air
 S - a staff of conjuration
Jewellery
 y - a cursed amulet of reflection (around neck)
 A - a cursed ring of willpower (left hand)
 I - a cursed ring of protection from cold (right hand)
 M - an amulet of regeneration
 Q - a ring of protection from cold
 R - a ring of protection from fire
 W - a ring of wizardry
 Y - a ring of poison resistance
Wands
 c - a wand of acid (2)
 l - a wand of charming (14)
 u - a wand of flame (38)
 B - a wand of polymorph (48)
 F - a wand of iceblast (1)
 L - a wand of digging (19)
 X - a wand of paralysis (5)
Scrolls
 d - 5 scrolls of fog
 e - 12 scrolls of identify
 j - 2 scrolls of amnesia
 q - a scroll of enchant weapon
 s - 4 scrolls of magic mapping
 x - 6 scrolls of enchant armour
 z - a scroll of holy word
 E - a scroll of silence
 N - 2 scrolls of immolation
 T - a scroll of torment
 U - 2 scrolls of fear
Potions
 f - 11 potions of might
 p - 15 potions of curing
 r - 6 potions of ambrosia
 t - 2 potions of invisibility
 C - 4 potions of mutation
 D - 4 potions of brilliance
 J - 2 potions of flight
 K - 2 potions of cancellation
 O - 2 potions of magic
Miscellaneous
 b - a condenser vane (inert)
 k - a box of beasts (inert)
 m - a lightning rod (4/4)
 V - a tin of tremorstones (inert)


   Skills:
 + Level 11.0 Fighting
 + Level 9.9(12.7) Dodging
 - Level 2.4(4.8) Stealth
 - Level 13.5(16.1) Shields
 + Level 12.7 Spellcasting
 * Level 8.2(12.7) Conjurations
 - Level 4.0(8.2) Hexes
 - Level 0.6(2.6) Summonings
 - Level 1.3(4.1) Necromancy
 - Level 1.4(4.3) Translocations
 - Level 7.4(11.9) Transmutations
 - Level 0.6(2.6) Fire Magic
 - Level 0.6(2.6) Ice Magic
 - Level 0.4(2.0) Air Magic
 - Level 18.5(22.1) Earth Magic
 - Level 1.1(3.7) Poison Magic
 + Level 10.7(14.9) Evocations


You had 11 spell levels left.
You knew the following spells:

 Your Spells              Type           Power        Failure   Level
a - Sandblast             Erth           100%         0%          1
b - Passwall              Tmut/Erth      60%          0%          2
c - Stone Arrow           Conj/Erth      100%         0%          3
d - Iron Shot             Conj/Erth      37%          1%          6
e - Animate Skeleton      Necr           64%          1%          1
f - Apportation           Tloc           66%          1%          1
g - Mephitic Cloud        Conj/Pois/Air  41%          1%          3
h - Statue Form           Tmut/Erth      48%          1%          6
i - Tukima's Dance        Hex            50%          1%          3
j - Borgnjor's Vile Clut  Necr/Erth      32%          1%          5

Your spell library contained the following spells:

 Spells                   Type           Power        Failure   Level
 Lee's Rapid Deconstruct  Erth           42%          0%          5
 Corona                   Hex            55%          1%          1
 Magic Dart               Conj           100%         1%          1
 Pain                     Necr           100%         1%          1
 Sting                    Tmut/Pois      100%         1%          1
 Summon Small Mammal      Summ           100%         1%          1
 Poisonous Vapours        Pois/Air       52%          1%          2
 Searing Ray              Conj           100%         1%          2
 Dazzling Flash           Conj/Hex       100%         1%          3
 Ignite Poison            Fire/Tmut/Pois 40%          1%          3
 Inner Flame              Hex/Fire       37%          1%          3
 Fulminant Prism          Conj/Hex       28%          1%          4
 Iskenderun's Mystic Bla  Conj/Tloc      51%          1%          4
 Petrify                  Tmut/Erth      73%          1%          4
 Bolt of Magma            Conj/Fire/Erth 31%          1%          5
 Irradiate                Conj/Tmut      31%          1%          5
 Iskenderun's Battlesphe  Conj           63%          1%          5
 Call Imp                 Summ           25%          2%          2
 Lesser Beckoning         Tloc           16%          2%          3
 Vampiric Draining        Necr           16%          2%          3
 Alistair's Intoxication  Tmut/Pois      32%          4%          5
 Hydra Form               Tmut           30%          5%          6
 Animate Dead             Necr           16%          9%          4
 Olgreb's Toxic Radiance  Pois           30%          10%         4
 Orb of Destruction       Conj           31%          22%         7
 Agony                    Necr           32%          24%         5
 Invisibility             Hex            50%          24%         6
 Dragon Form              Tmut           30%          28%         7
 Spellforged Servitor     Conj/Summ      23%          86%         7
 Dragon's Call            Summ           12%          100%        9


Dungeon Overview and Level Annotations

Branches:
Dungeon (15/15)            Temple (1/1) D:4            Lair (6/6) D:9
 Shoals (0/4) Lair:2        Snake (0/4) Lair:4        Slime (0/5) Lair:6
    Orc (2/2) D:11            Elf (3/3) Orc:2        Vaults (0/5) D:14
 Depths (0/5) D:15         Bailey (visited)         Volcano (visited)

Altars:
Ashenzari
Cheibriados
Dithmenos
Elyvilon
Fedhas
Gozag
Hepliaklqana
Kikubaaqudgha
Makhleb
Nemelex Xobeh
Okawaru
Qazlal
Ru
Sif Muna
Trog
Uskayaw
Vehumet
Wu Jian
Xom
Yredelemnul
Zin
The Shining One
Beogh
Jiyva

Shops:
D:9 :   D:15 [   Orc:1 *[:   Orc:2 !(([(*[   Elf:1 ?   Elf:2 (   Elf:3 !

Portals:
Trove: D:10 (give +3 fire dragon scales)

Annotations:
D:6 2 transporters
D:10 exclusion: sensed monster (detected)
D:11 3 runed translucent doors, SkeletonJelly's ghost, journeyman MiWn
D:13 2 runed translucent doors, jestyr24's ghost, journeyman MiBe
Lair:4 exclusion: oklob plant
Elf:2 3 runed translucent doors
Elf:3 1 exclusion


Innate Abilities, Weirdness & Mutations

You cannot be hasted, slowed, berserked, paralysed or teleported.
You can dig through walls and to a lower floor.
Your four strong arms can wield two-handed weapons with a shield.
You have a pair of large antennae on your head. (SInv)
You are frail. (-10% HP)
You are weak. (Str -2)


Message History

The thrashing horror closely misses you.
You block the shadow demon's attack. The thrashing horror tramples you.
* * * LOW HITPOINT WARNING * * *
You stumble backwards!
Found a +0 robe.
You take 2 damage, and have 13/161 hp.
You feel better. The thrashing horror barely misses you.
The thrashing horror tramples you but does no damage.
The worldbinder calls forth creatures from the Shoals!
A starcursed mass splits.
You block the thrashing horror's attack.
The thrashing horror misses you.
A starcursed mass splits.
The shadow demon hits you.
* * * LOW HITPOINT WARNING * * *
A starcursed mass splits.
You block the thrashing horror's attack.
The thrashing horror tramples you but does no damage.
You regained 6 hp, and now have 19/161 hp.
Okay, then.
Casting: Statue Form (mildly dangerous; 1% risk of failure)
Confirm with . or Enter, or press ? or * to list all spells.
Aiming: Borgnjor's Vile Clutch (mildly dangerous; 1% risk of failure)
Press: ? - help, Shift-Dir - straight line, f - shadow demon
Aim: a shadow demon (0% to evade) Zombie hands grab the shadow demon.
Zombie hands grab the thrashing horror.
The zombie hands constrict the shadow demon!
The zombie hands constrict the thrashing horror!
You hear a shout!
You block the thrashing horror's attack. x2
The shadow demon hits you but does no damage.
The thrashing horror tramples you but does no damage. x2
A chorus of shrieks assaults your mind.
* * * LOW HITPOINT WARNING * * *
A starcursed mass splits.
You block the shadow demon's attack.
A sun demon comes into view.
You take 9 damage, and have 10/161 hp.
You now have 27/34 mp.
The zombie hands constrict the shadow demon!!
The zombie hands constrict the thrashing horror!
You block the thrashing horror's attack. x2
A deafening chorus of shrieks assaults your mind!
You die...

, ,,, ,,, , , ,,
,,,.,.,. . , , , , ,
,,,, , ,...,,. * ,,
####################**
{ ,,, ,,
.[...#..#..X..#.)..#
,.. ,*, ,*,
.#...#.'.XX..H.#,#.#
,. **.*
.*...#.XX.{#..#.#..,*
, ≈≈ ... #...#.##.###
.#..### ,≈ ≈*,
.....#...#.{##.####.*#
# **≈≈ ,
#......8X##...# **
#.,., ≈ ≈*
*......##2Xxm##..#
,,,#.# *≈≈ #...#
#X#Hm#*,## ,. *≈ ≈ ,
,.##,,*,#..#.# ** *,,
* ≈,* ,,,,,,,,
......#**,,,,,,*{ ≈ *,
∆{*,,.....### ,*, ,,*,
≈ *,, , ,, #..##,,,,*
, * **, ,,,, ....3##,
*,** * , ≈ , , *
,*....#.*,** ,,* **,


You could see 5 starcursed masses, a wretched star, a sun demon, a shadow demon
(clutched), a manticore (summoned), 3 thrashing horrors, 2 merfolk sirens and a
worldbinder.

Vanquished Creatures
  Saint Roka (Orc:2)
  A tentacled starspawn (Abyss:4)
  3 orc warlords
  2 deep elf annihilators
  A deep elf death mage (Elf:1)
  Snorg (D:12)
  2 fire dragons
  9 hydras
  4 vault guards (D:14)
  Erolcha (D:11)
  A rakshasa (Abyss:4)
  A boulder beetle (Lair:5)
  An ogre mage (D:15)
  A catoblepas (Lair:3)
  A centaur warrior (D:13)
  7 two-headed ogres
  Erica (D:8)
  15 dancing weapons
  3 death yaks (Lair:6)
  A hell knight (Volcano)
  A tengu warrior (D:14)
  8 deep elf knights
  Sonja (Lair:3)
  A shadow wraith (Abyss:4)
  An unseen horror (D:15)
  14 deep elf archers
  2 wizards (D:10)
  A phantasmal warrior (Abyss:4)
  19 deep elf pyromancers
  4 large abominations
  8 orc knights
  18 deep elf zephyrmancers
  Pikel (D:8)
  7 orc sorcerers
  5 manticores
  12 ugly things
  3 cyclopes
  2 guardian serpents
  17 elephants
  4 centaur zombies
  7 black mambas
  Joseph (D:10)
  An apocalypse crab (Abyss:3)
  2 molten gargoyles (Volcano)
  12 cane toads
  3 smoke demons
  4 gargoyles
  A kobold demonologist (D:14)
  7 rime drakes
  A freezing wraith (D:15)
  Psyche (D:12)
  An efreet (D:15)
  2 komodo dragons
  A guardian mummy (D:10)
  5 trolls
  3 meliai (D:15)
  5 hornets
  5 polar bears
  6 slime creatures (D:14)
  A queen bee (Lair:2)
  A slime creature (shapeshifter) (D:12)
  27 blink frogs
  13 dream sheep
  4 centaur simulacra
  3 air elementals
  8 wraiths
  11 spriggans (Lair:6)
  3 water elementals
  4 basilisks
  2 shadows (D:15)
  A vampire (D:15)
  36 yaks
  3 wyverns
  2 fire elementals (Elf:1)
  Grum (D:9)
  3 small abominations (Abyss:4)
  8 humans (D:14)
  A neqoxec (Abyss:3)
  A steam dragon (Lair:2)
  6 wargs
  2 nagas (Lair:4)
  2 hell hounds (Volcano)
  19 water moccasins
  46 orc warriors
  A sky beast (D:11)
  5 black bears
  6 ice beasts
  A necrophage (D:9)
  23 ogres
  4 boggarts (Lair:6)
  An eye of draining (D:10)
  37 wolves
  6 centaurs
  A lemure (D:8)
  A kobold brigand (D:13)
  3 phantoms
  22 bullfrogs
  A wyvern zombie (D:11)
  Blork the orc (D:6)
  4 earth elementals
  5 scorpions
  A water moccasin skeleton (D:9)
  13 wights
  37 killer bees
  An electric eel (D:13)
  2 howler monkeys
  2 lava snakes (Volcano)
  A bullfrog zombie (D:6)
  2 quasits
  A wyvern simulacrum (D:13)
  6 hounds
  5 jellies
  A bullfrog skeleton (D:12)
  A centaur skeleton (D:12)
  29 orc priests
  Terence (D:2)
  3 iguanas
  29 orc wizards
  A hell rat (Lair:2)
  12 worker ants
  A hound skeleton (D:5)
  A worker ant zombie (D:6)
  10 adders
  21 gnolls
  A river rat (Lair:2)
  7 white imps
  3 ufetubi
  An ooze (D:2)
  An adder skeleton (D:7)
  An adder zombie (D:5)
  4 worms
  2 dart slugs
  5 leopard geckos
  130 orcs
  8 bats
  4 giant cockroaches
  12 goblins
  15 hobgoblins
  20 jackals
  3 quokkas
  2 ball pythons
  5 frilled lizards
  16 kobolds
  A quokka skeleton (D:3)
  9 rats
1015 creatures vanquished.

Vanquished Creatures (collateral kills)
  A death yak (Lair:6)
  A two-headed ogre (Orc:2)
  A thrashing horror (Abyss:4)
  A deep elf zephyrmancer (Elf:1)
  An ugly thing (D:15)
  An efreet (D:14)
  A meliai (D:15)
  A hornet (Lair:6)
  A yak (Lair:6)
  An orc warrior (Orc:2)
  2 orc wizards (Orc:2)
  4 orcs (Orc:2)
16 creatures vanquished.

Vanquished Creatures (others)
  A deep elf knight (Elf:2)
  2 deep elf pyromancers
  A dancing weapon (Orc:1)
  2 water elementals (Elf:3)
  2 kobolds (D:13)
  72 fungi
  51 plants
  7 starspawn tentacles (Abyss:4)
138 creatures vanquished.

Grand Total: 1169 creatures vanquished

Notes
Turn   | Place    | Note
-------+----------+-------------------------------------------
     0 | D:1      | jasper the Formicid Earth Elementalist began the quest for
                  | the Orb.
     0 | D:1      | Reached XP level 1. HP: 13/13 MP: 3/3
     1 | D:1      | Noticed an electric eel
   107 | D:1      | You fall into a shaft and drop 1 floor!
   251 | D:2      | Reached skill level 4 in Earth Magic
   251 | D:2      | Reached XP level 2. HP: 19/19 MP: 1/5
   256 | D:2      | Learned a level 2 spell: Passwall
   331 | D:2      | Reached XP level 3. HP: 24/24 MP: 2/6
   397 | D:2      | Reached skill level 5 in Earth Magic
   665 | D:2      | Noticed Terence
   683 | D:2      | You fall into a shaft and drop 1 floor!
  1020 | D:1      | Reached XP level 4. HP: 30/30 MP: 1/7
  1771 | D:2      | Reached skill level 6 in Earth Magic
  2180 | D:2      | Found a sacrificial altar of Ru.
  2189 | D:2      | Reached XP level 5. HP: 34/35 MP: 1/8
  2210 | D:2      | Learned a level 3 spell: Stone Arrow
  2497 | D:2      | Killed Terence
  2498 | D:2      | Reached skill level 7 in Earth Magic
  3379 | D:3      | Reached XP level 6. HP: 40/41 MP: 9/9
  3832 | D:4      | Found a staircase to the Ecumenical Temple.
  3911 | Temple   | Entered the Ecumenical Temple
  4101 | Temple   | Became a worshipper of Ashenzari the Shackled
  4238 | D:4      | Reached skill level 8 in Earth Magic
  4447 | D:4      | Noticed an ogre
  4576 | D:4      | Killed an ogre
  4577 | D:4      | Reached skill level 9 in Earth Magic
  4577 | D:4      | Reached XP level 7. HP: 46/46 MP: 4/10
  4582 | D:4      | Learned a level 4 spell: Petrify
  4646 | D:4      | Found a burning altar of Makhleb.
  4646 | D:4      | Noticed a green death
  4649 | D:4      | Noticed a neqoxec
  4649 | D:4      | Noticed an orange demon
  4956 | D:5      | Entered Level 5 of the Dungeon
  5180 | D:5      | Reached skill level 10 in Earth Magic
  5306 | D:5      | Reached skill level 1 in Evocations
  5306 | D:5      | Reached XP level 8. HP: 53/53 MP: 8/11
  5769 | D:5      | Reached skill level 1 in Fighting
  5933 | D:5      | Reached skill level 1 in Conjurations
  6129 | D:5      | Reached * piety under Ashenzari
  6648 | D:6      | Reached skill level 1 in Shields
  6691 | D:6      | Reached XP level 9. HP: 52/61 MP: 7/12
  6704 | D:6      | Identified the +4 demon blade "Eqiun" {vamp, +Rage MP+9
                  | Str+4}
  6891 | D:6      | Noticed Blork the orc
  6899 | D:6      | Killed Blork the orc
  6990 | D:6      | Found a transporter.
  6997 | D:6      | Noticed a kobold demonologist
  7009 | D:6      | Found a transporter.
  7660 | D:7      | Reached skill level 11 in Earth Magic
  8262 | D:7      | Reached skill level 5 in Shields
  8906 | D:7      | Reached ** piety under Ashenzari
  9066 | D:8      | Noticed a troll
  9070 | D:8      | Killed a troll
  9071 | D:8      | Reached XP level 10. HP: 67/67 MP: 9/13
  9190 | D:8      | Noticed Pikel
  9203 | D:8      | Killed Pikel
  9353 | D:8      | Identified Cuoroago's Disquisition on Hurtful Companions
  9356 | D:8      | Reached skill level 5 in Transmutations
  9527 | D:8      | Found a glowing golden altar of the Shining One.
  9586 | D:8      | Noticed Erica
  9596 | D:8      | Killed Erica
  9597 | D:8      | Reached skill level 5 in Evocations
  9836 | D:8      | Noticed a two-headed ogre
  9844 | D:8      | Killed a two-headed ogre
 10237 | D:9      | Reached XP level 11. HP: 69/72 MP: 11/14
 10339 | D:9      | Reached skill level 12 in Earth Magic
 10409 | D:9      | Found a staircase to the Lair.
 10452 | D:9      | Identified a scroll of acquirement
 10453 | D:9      | Noticed Grum
 10474 | D:9      | Killed Grum
 10475 | D:9      | Reached skill level 5 in Conjurations
 10563 | D:9      | Acquired 655 gold pieces
 11084 | D:9      | Found Hejovos's Book Boutique.
 11087 | D:9      | Bought a book of Party Tricks for 650 gold pieces
 11089 | D:9      | Learned a level 1 spell: Animate Skeleton
 11091 | D:9      | Learned a level 1 spell: Apportation
 11097 | D:10     | Entered Level 10 of the Dungeon
 11150 | D:10     | Identified the +2 long sword of Ragnarok {vorpal, Dex+2}
 11262 | D:10     | Noticed a wizard
 11262 | D:10     | Noticed a wizard
 11266 | D:10     | Killed a wizard
 11267 | D:10     | Reached skill level 10 in Shields
 11267 | D:10     | Killed a wizard
 11271 | D:10     | Noticed Joseph
 11290 | D:10     | Killed Joseph
 11428 | D:10     | Identified the Guide on the Rocks and Fire
 11647 | D:10     | Reached *** piety under Ashenzari
 11938 | D:10     | Found a shimmering altar of Xom.
 12114 | D:10     | Found a portal to a secret trove of treasure.
 12944 | D:11     | Noticed a two-headed ogre
 12952 | D:11     | Killed a two-headed ogre
 12953 | D:11     | Reached XP level 12. HP: 78/78 MP: 9/15
 12955 | D:11     | Found a staircase to the Orcish Mines.
 13157 | D:11     | Found a runed translucent gate.
 13157 | D:11     | Found a runed translucent gate.
 13157 | D:11     | Found a runed translucent gate.
 13158 | D:11     | Noticed SkeletonJelly's ghost (journeyman MiWn)
 13208 | D:11     | Found a viscous altar of Jiyva.
 13240 | D:11     | Noticed a two-headed ogre
 13246 | D:11     | Killed a two-headed ogre
 13328 | D:11     | Noticed Erolcha
 13333 | D:11     | Killed Erolcha
 13334 | D:11     | Reached skill level 1 in Hexes
 13334 | D:11     | Reached skill level 1 in Poison Magic
 13493 | D:11     | Reached **** piety under Ashenzari
 13685 | D:11     | Learned a level 3 spell: Mephitic Cloud
 13736 | D:12     | Noticed Nessos
 13737 | D:12     | Noticed Nessos
 13737 | D:12     | Nessos changed into Nessos the glowing shapeshifter
 13738 | D:12     | Noticed Nessos
 13738 | D:12     | Nessos the glowing shapeshifter changed into Nessos the
                  | elephant
 13739 | D:12     | Noticed Nessos
 13739 | D:12     | Nessos the elephant changed into Nessos the shining eye
 13742 | D:12     | Noticed Nessos
 13742 | D:12     | Nessos the shining eye changed into Nessos the swamp worm
 13743 | D:12     | Noticed Nessos
 13743 | D:12     | Nessos the swamp worm changed into Nessos the slime
                  | creature
 13747 | D:12     | Killed Nessos the slime creature
 13748 | D:12     | Reached skill level 1 in Translocations
 13760 | D:12     | Noticed Psyche
 13765 | D:12     | Killed Psyche
 13766 | D:12     | Reached skill level 1 in Necromancy
 13832 | D:12     | Found a flagged portal.
 13855 | Bailey   | Entered a bailey
 14425 | Lair:1   | Entered Level 1 of the Lair of Beasts
 14436 | Lair:1   | Noticed a four-headed hydra
 14445 | Lair:1   | Killed a four-headed hydra
 14508 | Lair:1   | Found a dark tunnel.
 14511 | Volcano  | Entered a volcano
 14589 | Volcano  | Found a burning altar of Makhleb.
 14807 | Volcano  | Noticed a hell knight
 14812 | Volcano  | Killed a hell knight
 15755 | Lair:1   | Acquired the cursed +2 pair of gloves of the Secret Artists
                  | {Str+3}
 15792 | Lair:2   | Reached skill level 5 in Spellcasting
 16048 | Lair:1   | Reached XP level 13. HP: 83/89 MP: 7/21
 16312 | Lair:2   | Found a staircase to the Shoals.
 16403 | Lair:2   | Reached skill level 5 in Fighting
 16450 | Lair:2   | Noticed a five-headed hydra
 16476 | Lair:2   | Killed a five-headed hydra
 16707 | D:9      | Bought a book of Transfigurations for 715 gold pieces
 16714 | D:9      | Learned a level 6 spell: Statue Form
 16718 | D:9      | Learned a level 3 spell: Tukima's Dance
 17114 | Lair:2   | Reached skill level 5 in Dodging
 17116 | Lair:2   | Reached skill level 13 in Earth Magic
 17468 | Lair:2   | Noticed a seven-headed hydra
 17476 | Lair:2   | Killed a seven-headed hydra
 18121 | Lair:2   | Reached ***** piety under Ashenzari
 18622 | Lair:3   | Noticed a seven-headed hydra
 18629 | Lair:3   | Killed a seven-headed hydra
 18713 | Lair:3   | Noticed a catoblepas
 18735 | Lair:3   | Killed a catoblepas
 19071 | Lair:3   | Reached XP level 14. HP: 94/101 MP: 14/26
 19336 | Lair:3   | Noticed Sonja
 19344 | Lair:3   | Killed Sonja
 19758 | Lair:3   | Learned a level 5 spell: Borgnjor's Vile Clutch
 20113 | Lair:4   | Found a staircase to the Snake Pit.
 21562 | Lair:5   | Reached skill level 10 in Spellcasting
 22222 | Lair:6   | Entered Level 6 of the Lair of Beasts
 22505 | Lair:6   | Reached XP level 15. HP: 90/110 MP: 5/29
 22670 | Orc:1    | Entered Level 1 of the Orcish Mines
 22756 | Orc:1    | Found Noanipp's Antique Armour Shoppe.
 22860 | Orc:1    | Found Onashuho's Book Emporium.
 22932 | Orc:1    | Learned a level 6 spell: Iron Shot
 23012 | Orc:1    | Found Oniymis's Assorted Antiques.
 23311 | Orc:1    | Noticed an orc warlord
 23333 | Orc:1    | Killed an orc warlord
 23334 | Orc:1    | Reached skill level 14 in Earth Magic
 23495 | Orc:1    | Noticed an orc warlord
 23522 | Orc:1    | Killed an orc warlord
 23906 | Orc:2    | Entered Level 2 of the Orcish Mines
 23906 | Orc:2    | Reached ****** piety under Ashenzari
 23909 | Orc:2    | Found Ecvie's Distillery.
 23911 | Orc:2    | Noticed Saint Roka
 23931 | Orc:2    | HP: 6/145 [Saint Roka/divine providence (10)]
 24165 | Orc:2    | Killed Saint Roka
 24604 | Orc:2    | Found Zisch's Weapon Emporium.
 24644 | Orc:2    | Found a staircase to the Elven Halls.
 25038 | Orc:2    | Found a roughly hewn altar of Beogh.
 25100 | Orc:2    | Noticed an orc warlord
 25112 | Orc:2    | Killed an orc warlord
 25242 | Orc:2    | Found Noasoba's Antique Armour Shoppe.
 25243 | Orc:2    | Found a roughly hewn altar of Beogh.
 25244 | Orc:2    | Found Leimeddi's Antique Weapon Emporium.
 25315 | Orc:2    | Found a roughly hewn altar of Beogh.
 25414 | Orc:2    | Found a roughly hewn altar of Beogh.
 25426 | Orc:2    | Found Ojorohir's Armour Shop.
 25593 | Orc:2    | Found a roughly hewn altar of Beogh.
 25598 | Orc:2    | Found Orphoetugh's Assorted Antiques.
 25640 | Orc:2    | Bought a condenser vane for 960 gold pieces
 25711 | Orc:2    | Found Eteboyze's Weapon Shoppe.
 26069 | Lair:6   | Found a staircase to the Slime Pits.
 26070 | Lair:6   | Found a viscous altar of Jiyva.
 26263 | Lair:6   | Identified the +11 hunting sling of Spite {venom, Str+4}
 26398 | Lair:6   | Reached XP level 16. HP: 120/120 MP: 27/31
 27928 | D:12     | Noticed Snorg
 27963 | D:12     | Killed Snorg
 28269 | D:13     | Reached skill level 15 in Earth Magic
 28575 | D:13     | Found a large runed translucent door.
 28798 | D:13     | Noticed jestyr24's ghost (journeyman MiBe)
 28799 | D:13     | Found a large runed translucent door.
 29255 | D:14     | Reached skill level 10 in Fighting
 29893 | D:14     | Reached skill level 16 in Earth Magic
 29957 | D:14     | Found a gate to the Vaults.
 30221 | D:15     | Entered Level 15 of the Dungeon
 31028 | D:15     | Reached skill level 17 in Earth Magic
 31333 | D:15     | Found Mocly's Armour Boutique.
 31335 | D:15     | Found a shadowy altar of Dithmenos.
 31737 | D:15     | Reached XP level 17. HP: 128/128 MP: 33/33
 32040 | D:15     | Found a staircase to the Depths.
 32396 | Elf:1    | Entered Level 1 of the Elven Halls
 32537 | Elf:1    | Reached skill level 18 in Earth Magic
 33194 | Elf:1    | Found a radiant altar of Vehumet.
 33212 | Elf:1    | Found Naptoosore's Magic Scroll Shop.
 33867 | Elf:2    | Reached skill level 10 in Evocations
 34699 | Elf:2    | Found a runed translucent gate.
 34699 | Elf:2    | Found a runed translucent gate.
 34699 | Elf:2    | Found a runed translucent gate.
 34767 | Elf:2    | Reached XP level 18. HP: 57/136 MP: 30/34
 35133 | Elf:2    | Found Apenass's Weapon Shoppe.
 35343 | Elf:3    | Entered Level 3 of the Elven Halls
 35428 | Elf:3    | Found a gateway to a bazaar.
 35489 | Elf:3    | Found Virogobb's Distillery.
 35582 | Bazaar   | Entered a bazaar
 35582 | Bazaar   | Found Zol Anuu's Antique Armour Boutique.
 35582 | Bazaar   | Found Vedoisui's Weapon Shop.
 35582 | Bazaar   | Found Neateh's Weapon Shop.
 35813 | Elf:3    | Cast into level 3 of the Abyss (+0 trident of distortion)
 35842 | Abyss:3  | Gained mutation: You are frail. (-10% HP) [a neqoxec]
 35846 | Abyss:3  | Gained mutation: You are weak. (Str -2) [a neqoxec]
 35885 | Abyss:3  | Noticed a tentacled monstrosity
 35886 | Abyss:3  | Noticed a bone dragon
 35887 | Abyss:3  | Identified the amulet "Doatajad" {RegenMP +Inv Int+5}
 35887 | Abyss:3  | Found a corrupted altar of Lugonu.
 35888 | Abyss:3  | Noticed a tentacled monstrosity
 35890 | Abyss:3  | Found a transporter.
 35900 | Abyss:3  | Found a corrupted altar of Lugonu.
 35903 | Abyss:3  | Noticed a profane servitor
 35947 | Abyss:3  | Found a transporter.
 36203 | Abyss:4  | Noticed a bone dragon
 36219 | Abyss:4  | Killed from afar by a starcursed mass

Illustrated notes

Levels and vault maps discovered:
D:1:      arrival_aquarium_a, layout_rooms, nrook_mini_vaults
D:2:      layout_loops_ring, nicolae_ru_great_annihilating_truth, uniq_terence
D:3:      layout_rooms
D:4:      layout_loops_cross, minmay_temple_entry_crystal_x,
          makhleb_altar_promises_db
D:5:      layout_basic
D:6:      gammafunk_wand_slinger, layout_basic, abandoned_shop,
          kennysheep_path_1, st_stairs_12, sword_in_stone
D:7:      layout_basic
D:8:      layout_rooms, tso_altar, uniq_pikel, uniq_erica
D:9:      layout_irregular_city, lair_entry_dummy, serial_shops,
          kennysheep_mini, serial_bayou_crossing, uniq_grum
D:10:     cheibrodos_wizards_tower, layout_loops_ring,
          nicolae_trove_entry_path_of_doom, tgw_xom, uniq_josephine, uniq_joseph
D:11:     layout_grid_maze, orc_0_dummy, gammafunk_ghost_ooze,
          kennysheep_generic_room_15, uniq_erolcha
D:12:     layout_basic, lightli_bailey_entry_fortress, uniq_psyche, uniq_nessos,
          uniq_snorg
D:13:     layout_irregular_city, serial_ice, serial_ice_m, serial_ice_n,
          serial_ice_i, serial_ice_a, serial_ice_h, serial_ice_f, serial_ice_o,
          serial_ice_c, serial_ice_b, serial_ice_g, ebering_ghost_disaster_area
D:14:     layout_irregular_city, ximxim_vaults_locker_room
D:15:     grunt_enter_depths_magical_seal, layout_stronghold, serial_shops,
          shop, lemuel_crystal_altar, billiards_dpeg
Temple:   kilobyte_greek_temple
Lair:1:   layout_loops_ring, nicolae_volcano_entry_two_sided
Lair:2:   regret_index_wax_grids, layout_small_grid, elwin_shoals_entry_rocks,
          lemuel_fruit_tree, grunt_megastairs_1
Lair:3:   layout_gridlike, uniq_sonja
Lair:4:   layout_hall_layers, guppyfry_snake_entry_island, grunt_megastairs_2,
          serial_bayou_shore_a, minmay_lair_oklob_chamber
Lair:5:   layout_loops_ring
Lair:6:   minmay_lair_end_enchanted_forest, layout_regular_city, slime_altar_1,
          infiniplex_staircase_pool_2
Orc:1:    layout_diamond_mine, serial_shops, nicolae_shop_trees,
          nicolae_shop_waterfront, nicolae_shop_waterfront, minmay_orc_treasury
Orc:2:    grunt_orc_community_town_hall, layout_caves,
          grunt_orc_community_big_house_1, grunt_orc_community_big_house_2,
          grunt_orc_community_house_1, grunt_orc_community_house_1,
          grunt_orc_community_house_3, grunt_orc_community_house_1,
          grunt_orc_community_house_2, serial_shops, nicolae_shop_crystal, shop,
          nicolae_shop_behind_doors, uniq_saint_roka
Elf:1:    layout_geoelf_grid, basic_altar, serial_shops, shop_fountains,
          hangedman_corner_corridor
Elf:2:    layout_onion_city, serial_shops, nicolae_shop_statue_plus
Elf:3:    minmay_elf_hall_x, layout_loops_corners, serial_shops,
          bzr_entry_islet, minmay_shop_star
Abyss:4:  base: Vaults:5, nicolae_abyss_rune_star_stuff,
          hangedman_grunt_abyss_rune_horror_hoard,
          gammafunk_abyss_exit_x_factor, due_exit_kobolds,
          nicolae_abyss_rune_star_stuff

Skill      XL: |  1  2  3  4  5  6  7  8  9 10 11 12 13 14 15 16 17 18 |
---------------+-------------------------------------------------------+-----
Earth Magic    | 4 5 6 7 9 10 11 12 13 14 17 18 | 18.5
Dodging        | 2 4 5 7 8 9 |  9.9
Evocations     | 1 2 4 5 6 7 9 10 | 10.7
Fighting       | 2 4 6 8 9 10 11 | 11.0
Conjurations   | 2 3 4 5 7 8 |  8.2
Transmutations | 3 4 5 6 7 |  7.4
Shields        | 2 5 8 13 | 13.5
Hexes          | 1 4 |  4.0
Poison Magic   | 1 |  1.1
Translocations | 1 |  1.4
Spellcasting   | 5 8 10 11 12 | 12.7
Necromancy     | 1 |  1.3
Stealth        | |  2.4
Summonings     | |  0.6
Fire Magic     | |  0.6
Ice Magic      | |  0.6
Air Magic      | |  0.4

Action                   |  1- 3 |  4- 6 |  7- 9 | 10-12 | 13-15 | 16-18 || total
-------------------------+-------+-------+-------+-------+-------+-------++-------
Melee: Unarmed           |    30 |     6 |       |       |       |       ||    36
       Dagger            |       |    96 |    90 |   198 |   762 |  1331 ||  2477
Throw: Boomerang         |       |    20 |       |       |       |       ||    20
       Stone             |       |     3 |       |       |       |       ||     3
 Cast: Sandblast         |    35 |    55 |   109 |   271 |   191 |     3 ||   664
       Stone Arrow       |       |       |       |    37 |   229 |    40 ||   306
       Statue Form       |       |       |       |       |    47 |    61 ||   108
       Apportation       |       |       |       |       |     1 |       ||     1
       Mephitic Cloud    |       |       |       |       |    12 |    18 ||    30
       Iron Shot         |       |       |       |       |     8 |    29 ||    37
       Animate Skeleton  |       |       |       |       |     6 |     4 ||    10
       Tukima's Dance    |       |       |       |       |     3 |       ||     3
       Borgnjor's Vile C |       |       |       |       |       |     1 ||     1
Invok: Curse Item        |       |       |     3 |     2 |     1 |       ||     6
 Abil: Shaft Self        |     2 |       |       |       |       |       ||     2
       Dig               |       |       |     1 |     3 |    11 |     6 ||    21
Evoke: Wand              |       |       |     3 |    16 |    15 |     5 ||    39
       Tin of tremorston |       |       |       |       |     7 |     8 ||    15
       Lightning rod     |       |       |       |       |     6 |     6 ||    12
       Condenser vane    |       |       |       |       |     1 |     6 ||     7
       Box of beasts     |       |       |       |       |     1 |     4 ||     5
  Use: Scroll            |       |     7 |     2 |     3 |     1 |     6 ||    19
       Potion            |       |       |       |     1 |     6 |     8 ||    15
 Stab: Sleeping          |       |     6 |     3 |     1 |     5 |     4 ||    19
       Distracted        |       |       |       |       |     1 |     3 ||     4
       Confused          |       |       |       |       |     9 |     9 ||    18
Armor: Robe              |    14 |    32 |    12 |     2 |       |       ||    60
       Troll leather arm |       |       |       |    31 |    43 |    34 ||   108
       Skin              |       |       |       |       |   257 |   603 ||   860
Dodge: Dodged            |    35 |   132 |    70 |    83 |   513 |  1088 ||  1921
Block: Tower shield      |       |       |    32 |   336 |  1573 |  2371 ||  4312
       Reflection        |       |       |       |       |    13 |   108 ||   121

Table legend: (Time is in decaauts)
 A = Elapsed time spent in this place.
 B = Non-inter-level travel time spent in this place.
 C = Inter-level travel time spent in this place.
 D = Time resting spent in this place.
 E = Time spent auto-exploring this place.
 F = Levels seen in this place.
 G = Mean time per level.
                   A        B        C        D        E       F      G
               +--------+--------+--------+--------+--------+-----+--------+
         Total |  39156 |  37350 |   1806 |   5363 |  23268 |  32 | 1223.6 |
       Dungeon |  19649 |  18641 |   1008 |   2724 |  12389 |  15 | 1309.9 |
        Temple |    232 |    161 |     71 |      0 |    159 |   1 |  232.0 |
          Lair |   9935 |   9534 |    401 |   1107 |   6209 |   6 | 1655.8 |
  Orcish Mines |   3860 |   3724 |    136 |    544 |   2120 |   2 | 1930.0 |
   Elven Halls |   3977 |   3788 |    189 |    578 |   2116 |   3 | 1325.7 |
         Abyss |    582 |    582 |      0 |     57 |      0 |   2 |  291.0 |
        Bazaar |     15 |     15 |      0 |      0 |      9 |   1 |   15.0 |
        Bailey |    435 |    435 |      0 |     71 |    252 |   1 |  435.0 |
       Volcano |    466 |    466 |      0 |    282 |     13 |   1 |  466.0 |
               +--------+--------+--------+--------+--------+-----+--------+

Top non-repeatable levels by time:
  Lair:2: 2627 daAuts
    D:15: 2249 daAuts
   Elf:1: 2150 daAuts
  Lair:6: 2064 daAuts
   Orc:2: 2045 daAuts
     D:2: 1825 daAuts
   Orc:1: 1815 daAuts
     D:6: 1449 daAuts
    D:10: 1435 daAuts
     D:7: 1417 daAuts
     D:9: 1395 daAuts
    D:11: 1393 daAuts
   Elf:2: 1382 daAuts
    D:14: 1357 daAuts
  Lair:5: 1328 daAuts
